Unix NetHack Version 3.7.0-66 Work-in-progress - last build Dec 5 2022 14:25:02 (dbea811729ade750c4c0c7f8ab6145c62533a6e7,branch:master). Game began 2022-12-15 19:53:40, ended 2022-12-16 09:37:36. Maria, lawful female dwarven Valkyrie ---...- -...... .. ..--....... ...--.......G... ....--.......... --..:.....|....- |.@Z|..--.|...- ....------|.| ...q. |..|.| ...{. |..|.| .... |....|--- .... ---|.|..| .-+ |.|..| |.-..| ------ Maria the Skirmisher St:14 Dx:16 Co:13 In:13 Wi:11 Ch:11 Lawful S:522 Dlvl:6 $:92 HP:0(29) Pw:3(3) AC:3 Xp:3/45 T:1378 Latest messages: You swap places with the peaceful gnome. This door is locked. Unlock it with your lock pick named non-cursed? [ynq] (q) y You hear a door open. You succeed in picking the lock. The door opens. You swap places with the peaceful gnome. You miss the newt. You hit the newt. You miss the newt. You kill the newt! Welcome to experience level 3. You see here a newt corpse. There is a newt corpse here; eat it? [ynq] (n) y This newt corpse is fatty. You finish eating the newt corpse. You hear bubbling water. What do you want to use or apply? Your lantern is now on. What do you want to drop? Never mind. You hit the rothe. The rothe misses! The rothe bites! The rothe bites! You miss the rothe. The rothe misses! The rothe bites! The rothe misses! You hit the rothe! The rothe misses! The rothe bites! The rothe bites! You kill the rothe! You hear a door open. There is a rothe corpse here; eat it? [ynq] (n) y This rothe corpse is gamey. You stop eating the rothe corpse. You hit the elf zombie. The elf zombie hits! You hit the elf zombie! The elf zombie hits! You hit the elf zombie. The elf zombie hits! You die... Do you want your possessions identified? [ynq] (y) y Do you want to see your attributes? [ynq] (y) y Do you want an account of creatures vanquished? [ynaq] (y) n Do you want to see your conduct and achievements? [ynq] (y) y Do you want to see the dungeon overview? [ynq] (y) y Inventory: Coins $ - 92 gold pieces Weapons b - a +0 dagger (alternate weapon; not wielded) a - a +1 dwarvish spear (weapon in hand) h - a +0 orcish dagger named non-cursed Armor g - an uncursed +0 orcish helm named non-cursed (being worn) o - an uncursed +1 pair of high boots c - an uncursed +3 small shield (being worn) i - an uncursed +0 leather armor named non-cursed (being worn) Comestibles r - an uncursed food ration s - an uncursed tripe ration Potions m - an uncursed potion of gain energy named non-cursed f - an uncursed potion of monster detection named non-cursed k - an uncursed potion of paralysis named non-cursed e - an uncursed potion of speed named non-cursed j - an uncursed potion of water named non-cursed Tools n - an uncursed brass lantern named non-cursed (lit) l - an uncursed lock pick named non-cursed p - an uncursed tallow candle q - an uncursed towel Maria the Valkyrie's attributes: Background: You were a Skirmisher, a level 3 dwarven Valkyrie. You were lawful, nominally on a mission for Tyr who was opposed by Odin (neutral) and Loki (chaotic). You were in the Gnomish Mines, on level 6. You entered the dungeon 1378 turns ago. You had 45 experience points, 35 more were needed to attain level 4. Your score was 522 before end-of-game adjustments. Basics: You had 0 out of 29 hit points. You had all 3 energy points (spell power). Your armor class was 3. Your wallet contained 92 zorkmids. Autopickup was off. Final Characteristics: Your strength was 14 (limit:18/100). Your dexterity was 16 (limit:20). Your constitution was 13 (limit:20). Your intelligence was 13 (limit:16). Your wisdom was 11 (limit:16). Your charisma was 11 (limit:16). Final Status: You were not hungry. You were unencumbered. You were wielding a spear. You had basic skill with spear. Final Attributes: You were devoutly aligned. You were cold resistant. You had infravision. You were stealthy. You were warded. You are dead. Miscellaneous: You never encountered a bones level. Total elapsed playing time was 19 minutes and 25 seconds. Major events: Turn 1: Maria the lawful dwarven Valkyrie entered the dungeon 837: entered the Gnomish Mines 1343: attained the rank of Skirmisher (level 3) 1378: killed by an elf zombie Vanquished creatures: a gnome leader a kitten a rothe a large kobold a yellow mold 4 gnomes 3 geckos a jackal a goblin 4 grid bugs 3 lichens 2 kobold zombies 5 newts 28 creatures vanquished. No species were genocided or became extinct. Voluntary challenges: You were an atheist. You were illiterate. You never engraved Elbereth. You never genocided any monsters. You never polymorphed an object. You never changed form. You used no wishes. Achievements: You entered the Gnomish Mines. You attained the rank of Skirmisher. The Dungeons of Doom: levels 1 to 3 Level 1: "VAULT" Level 2: "vault" Level 3: A fountain, a sink, a grave. Stairs down to The Gnomish Mines. The Gnomish Mines: levels 4 to 6 Level 4: Level 5: Level 6: <- You were here. A fountain. Final resting place for you, killed by an elf zombie. Game over: ---------- / \ / REST \ / IN \ / PEACE \ / \ | Maria | | 92 Au | | killed by an elf | | zombie | | | | | | 2022 | *| * * * | * _________)/\\_//(\/(/\)/\//\/|_)_______ Farvel Maria the Valkyrie... You died in The Gnomish Mines on dungeon level 6 with 513 points, and 92 pieces of gold, after 1378 moves. You were level 3 with a maximum of 29 hit points when you died.